 Dungeon Crawl Stone Soup version 0.31-a0-325-g067879e3d3 (webtiles) character file.

Game seed: 7342026137826811692

60 Graywind the Cudgeller (level 3, -2/33 HPs)
             Began as an Armataur Berserker on July 18, 2023.
             Was a Follower of Trog.
             Succumbed to a kobold's poison
             ... on level 2 of the Dungeon.
             The game lasted 00:04:56 (465 turns).

Graywind the Cudgeller (Armataur Berserker)          Turns: 465, Time: 00:04:57

Health: -2/33      AC:  6    Str: 24    XL:     3   Next: 82%
Magic:  3/3        EV:  9    Int:  7    God:    Trog [*.....]
Gold:   57         SH:  0    Dex:  9    Spells: 2/2 levels left

rFire   . . .        a - +1 mace
rCold   . . .        (no shield)
rNeg    . . .        b - +1 animal skin
rPois   .            d - +0 helmet
rElec   .            (no cloak)
rCorr   .            (no gloves)
SInv    .            (no barding)
Will    .....        (no amulet)
Stlth   +            (no ring)
HPRegen 0.25/turn    (no ring)
MPRegen 0.08/turn

%: roll
@: lethally poisoned (-2 -> -19)
A: large, rugged brown scales 3, deformed body, armoured tail, roll, long
tongue, awkward tongue
a: Renounce Religion, Berserk


You were on level 2 of the Dungeon.
You worshipped Trog.
Trog was aware of your devotion.
You visited 1 branch of the dungeon, and saw 2 of its levels.

You collected 57 gold pieces.

Inventory:

Hand Weapons
 a - a +1 mace (weapon)
Missiles
 c - 4 datura-tipped darts (quivered)
Armour
 b - a +1 animal skin (worn)
 d - a +0 helmet (worn)


   Skills:
 + Level 3.3 Fighting
 + Level 3.5 Maces & Flails
 + Level 2.6 Armour
 + Level 1.7 Dodging
 + Level 0.2 Stealth


You had 2 spell levels left.
You didn't know any spells.
Your spell library was empty.

Dungeon Overview and Level Annotations

Branches:
Dungeon (2/15)

Altars:


Innate Abilities, Weirdness & Mutations

You are completely covered in rugged brown scales. (AC +3, +7% HP)
Armour fits poorly on your strangely shaped body.
You have a long armoured tail.
You roll when moving toward enemies. (Rampage)
Your long tongue fully drains potion bottles. (2x potion effects)
Your tongue gives you trouble enunciating. (1.5x scroll delay)


Message History

* * * LOW HITPOINT WARNING * * *
An adder comes into view.
The worm bites you.
* * * LOW HITPOINT WARNING * * *
A kobold comes into view. It is wielding a +0 dagger of venom.
Found a scroll of enchant armour.
The kobold shouts!
Found a scale mail.
A jackal comes into view.
You roll towards the jackal!
Found 6 stones.
The jackal bites you but does no damage.
You hit the jackal.
The jackal is heavily wounded.
The jackal barely misses you. x2
You closely miss the jackal.
The jackal is heavily wounded.
The jackal barely misses you.
The jackal bites you but does no damage.
You closely miss the jackal.
The jackal is heavily wounded.
The jackal bites you but does no damage.
You closely miss the jackal.
Your tail-slap misses the jackal.
The jackal is heavily wounded.
The jackal barely misses you. The jackal bites you.
* * * LOW HITPOINT WARNING * * *
You sock the jackal!
You kill the jackal!
Trog accepts your kill. The kobold hits you but does no damage.
You are lethally poisoned!
You hit the kobold.
Your tail-slap misses the kobold.
The kobold is severely wounded.
* * * LOW HITPOINT WARNING * * *
You feel very sick.
The kobold hits you with a +0 dagger of venom.
* * * LOW HITPOINT WARNING * * *
You are more poisoned.
You closely miss the kobold.
Your tail-slap misses the kobold.
The kobold is severely wounded.
You die...

...........................#
.........(...K...K..........#
#############.####.##########
##.####.# [.......# #######.#
#.#.# ###.K.# #..@###
#.....†.# #.###.#.( #.#.## .
#.# ## ###


You could see a kobold.

Vanquished Creatures
  Terence (D:2)
  An adder (D:2)
  3 ball pythons
  3 bats (D:1)
  3 giant cockroaches (D:1)
  A goblin (D:1)
  A hobgoblin (D:1)
  A jackal (D:2)
  2 kobolds (D:1)
  A quokka (D:1)
  3 frilled lizards (D:1)
  2 rats (D:1)
22 creatures vanquished.

Vanquished Creatures (collateral kills)
  A ball python (D:1)
  A bat (D:1)
2 creatures vanquished.

Grand Total: 24 creatures vanquished

Notes
Turn   | Place    | Note
-------+----------+-------------------------------------------
     0 | D:1      | Graywind the Armataur Berserker began the quest for the
                  | Orb.
     0 | D:1      | Reached XP level 1. HP: 19/19 MP: 1/1
    91 | D:1      | Reached XP level 2. HP: 21/26 MP: 2/2
   139 | D:1      | Found a faded altar of an unknown god.
   393 | D:2      | Reached XP level 3. HP: 30/33 MP: 3/3
   404 | D:2      | Noticed Terence
   420 | D:2      | Killed Terence
   465 | D:2      | Succumbed to a kobold's poison

Illustrated notes

Levels and vault maps discovered:
D:1:      matt_arrival_refuge, layout_rooms, hellmonk_ecumenical_altar_blasted,
          roderic_roman_lattice, minmay_misc_feat_more_columns,
          minmay_strange_pillars, moated_statue
D:2:      wad_pebble_path, layout_basic, minmay_misc_feat_plants, uniq_terence,
          uniq_jessica, uniq_sigmund

Skill      XL: |  1  2 |
---------------+-------+-----
Maces & Flails | 3 |  3.5
Fighting       | 3 |  3.3
Armour         | |  2.6
Dodging        | |  1.7
Stealth        | |  0.2

Action                     || total
---------------------------++-------
  Melee: Mace              ||    62
         Tailslap          ||     5
         Punch             ||     1
    Use: Scroll            ||     6
   Stab: Sleeping          ||     1
 Armour: Animal skin       ||    28
  Dodge: Dodged            ||    32

Table legend: (Time is in decaauts)
 A = Elapsed time spent in this place.
 B = Non-inter-level travel time spent in this place.
 C = Inter-level travel time spent in this place.
 D = Time resting spent in this place.
 E = Time spent auto-exploring this place.
 F = Levels seen in this place.
 G = Mean time per level.
                   A        B        C        D        E       F      G
               +--------+--------+--------+--------+--------+-----+--------+
         Total |    483 |    483 |      0 |      0 |      0 |   2 |  241.5 |
       Dungeon |    483 |    483 |      0 |      0 |      0 |   2 |  241.5 |
               +--------+--------+--------+--------+--------+-----+--------+

Top non-repeatable levels by time:
     D:1: 401 daAuts
     D:2: 81 daAuts
